 Dungeon Crawl Stone Soup version 0.27.0-1-g7a089689b8 (webtiles) character file.

Game seed: 4027933471909491448

231 BOMJPIETVODKU the Covered (level 5, -2/42 HPs)
             Began as a Demonspawn Fighter on Aug 2, 2021.
             Killed by divine providence
             ... invoked by an orc priest
              (12 damage)
             ... on level 3 of the Dungeon.
             The game lasted 00:09:23 (3648 turns).

BOMJPIETVODKU the Covered (Demonspawn Fighter)      Turns: 3648, Time: 00:09:24

Health: -2/42      AC:  9    Str: 17    XL:     5   Next: 72%
Magic:  5/5        EV:  7    Int: 10    God:
Gold:   190        SH:  9    Dex: 12    Spells: 4/4 levels left

rFire    . . .     SeeInvis .   a - +0 flail
rCold    . . .     Faith    .   c - +0 kite shield
rNeg     . . .     Spirit   .   b - +0 scale mail
rPois    .         Reflect  .   (helmet restricted)
rElec    .         Harm     .   n - +1 cloak
rCorr    .         Rampage  .   (no gloves)
Will     .....                  (no boots)
Stlth    ..........             (no amulet)
HPRegen  0.14/turn              (no ring)
MPRegen  0.09/turn              (no ring)

@: no status effects
A: antennae 1, spiny 1
a: no special abilities


You were on level 3 of the Dungeon.
You visited 1 branch of the dungeon, and saw 4 of its levels.

You collected 190 gold pieces.

Inventory:

Hand Weapons
 a - a +0 flail (weapon)
 k - a +0 morningstar
Missiles
 m - 14 poisoned darts (quivered)
Armour
 b - a +0 scale mail (worn)
 c - a +0 kite shield (worn)
 n - a +1 cloak (worn)
Jewellery
 f - an amulet of magic regeneration
 l - a ring of fire
 o - a ring of protection from fire
Scrolls
 g - 4 scrolls of identify {unknown}
 j - a scroll of silence {unknown}
 r - a scroll of vulnerability {unknown}
 s - a scroll of teleportation {unknown}
Potions
 d - 2 potions of might
 e - a potion of brilliance {unknown}
 h - 2 potions of haste {unknown}
 i - 2 potions of heal wounds {unknown}
 p - a potion of magic {unknown}
 q - a potion of cancellation {unknown}


   Skills:
 * Level 3.7 Fighting
 + Level 3.7 Maces & Flails
 + Level 3.7 Armour
 + Level 0.5 Dodging
 + Level 3.3 Shields


You had 4 spell levels left.
You didn't know any spells.
Your spell library was empty.

Dungeon Overview and Level Annotations

Branches:
Dungeon (4/15)
 Temple: D:4-7

Altars:

Shops:
D:1 *


Innate Abilities, Weirdness & Mutations

You have a pair of small antennae on your head.
You are partially covered in sharp spines.


Message History

Beogh smites you!
The orc priest hits you but does no damage.
You thump the orc priest!
The orc priest is almost dead.
You block the orc priest's attack.
You sock the orc priest!
The orc priest is heavily wounded.
The orc priest calls upon Beogh to heal the orc priest.
The orc priest is healed somewhat.
The orc priest barely misses you.
You sock the orc priest!
The orc priest is almost dead.
You block the orc priest's attack.
The orc priest hits you but does no damage.
You closely miss the orc priest.
The orc priest is almost dead.
The orc priest miscasts a cantrip.
The orc priest invokes the aid of Beogh against you.
Beogh smites you! The orc barely misses you. You block the orc priest's attack.
The orc priest looks encouraged for a moment.
You hit the orc priest.
You kill the orc priest!
The orc is struck by your spines. The orc hits you with a +0 whip.
The orc priest is struck by your spines.
The orc priest hits you but does no damage.
You block the orc's attack.
You hit the orc.
The orc is heavily wounded.
The orc priest is struck by your spines.
The orc priest hits you but does no damage.
The orc hits you with a +0 club.
* * * LOW HITPOINT WARNING * * *
The orc is struck by your spines. The orc hits you but does no damage.
The orc priest calls down the wrath of Beogh upon you.
You barely resist. You block the orc's attack.
You barely miss the orc priest.
The orc priest is almost dead.
You block the orc's attack.
The orc priest mumbles some strange prayers to Beogh against you.
Beogh smites you!
You die...

......#######.......###.#.####.#
.##.........##.#..#.# #...# #..#
..)########.##....#.# ##.####.##
.##.......#.#.......# #..###..#
..#.......#.###.....###......##
#.........#.........##...#.#.#
.#.#......#####.....##.#.....#
...#.###.............#...#.#.#
....>..........o@o...........####
#######........#o#.#.#..#.##.##..
..........###...........#....##..
#########.# #..#.#.#.#.#####.##.#
..........# ##.........# #.##)#
#######..#####.#.#.#.#.#####.##.#
............##..............†...#
>.....#####..#.#.#.#.#...........
.#...# #####.#..................#


You could see an orc priest and 2 orcs.

Vanquished Creatures
  An orc priest (D:3)
  Natasha (thrice) (D:2)
  Terence (D:2)
  4 adders
  A worm (D:2)
  A dart slug (D:1)
  An orc (D:3)
  5 ball pythons
  5 bats
  4 endoplasms
  5 giant cockroaches
  A goblin (D:3)
  7 hobgoblins
  A jackal (D:2)
  7 kobolds
  A quokka (D:2)
  5 frilled lizards
  4 rats
57 creatures vanquished.

Notes
Turn   | Place    | Note
-------+----------+-------------------------------------------
     0 | D:1      | BOMJPIETVODKU the Demonspawn Fighter began the quest for
                  | the Orb.
     0 | D:1      | Reached XP level 1. HP: 18/18 MP: 1/1
    62 | D:1      | Found Nomiras's General Store.
   387 | D:1      | You fall into a shaft and drop 1 floor!
   436 | D:2      | Gained mutation: You have a pair of small antennae on your
                  | head. [demonic ancestry]
   436 | D:2      | Reached XP level 2. HP: 22/24 MP: 2/2
  1403 | D:2      | Reached XP level 3. HP: 22/29 MP: 3/3
  1527 | D:2      | Noticed Terence
  1542 | D:2      | Killed Terence
  1832 | D:2      | Noticed Natasha
  1834 | D:2      | Killed Natasha
  1835 | D:2      | Gained mutation: You are partially covered in sharp spines.
                  | [demonic ancestry]
  1835 | D:2      | Reached XP level 4. HP: 35/35 MP: 4/4
  2022 | D:2      | Noticed Natasha
  2030 | D:2      | Killed Natasha
  2318 | D:2      | Noticed Natasha
  2327 | D:2      | Killed Natasha
  2328 | D:2      | Reached XP level 5. HP: 21/41 MP: 5/5
  2951 | D:3      | You fall into a shaft and drop 1 floor!
  3648 | D:3      | Killed from afar by an orc priest

Illustrated notes

Levels and vault maps discovered:
D:1:      amcnicky_arrival_choice, layout_basic, serial_shops,
          nicolae_lakefront_shop
D:2:      layout_loops_ring, minmay_misc_feat_roman, minmay_pentomino_u2,
          uniq_natasha, uniq_terence
D:3:      layout_rooms, serial_co_window_serial, co_window_corner_a,
          co_window_paths_a, co_window_paths_a, co_window_corner_a,
          co_window_paths_b, co_window_of_opportunity_a,
          co_window_of_opportunity_a, co_window_2corner,
          co_window_of_opportunity_b, co_window_paths_c,
          co_window_of_opportunity_b, co_window_broadway_c,
          co_window_broadway_a, co_window_unsneaky_path_e, glass_columns_b,
          glass_columns_a, glass_columns_c, glass_columns_c, glass_columns_a,
          serial_park_tiny_1
D:4:      layout_loops_corners, nicolae_tso_swordbearing_angel, uniq_eustachio

Skill      XL: |  1  2  3 |
---------------+----------+-----
Armour         | 3 |  3.7
Maces & Flails | 2 3 |  3.7
Shields        | 3 |  3.3
Fighting       | |  3.7
Dodging        | |  0.5

Action                   |  1- 3 |  4- 6 || total
-------------------------+-------+-------++-------
Melee: Flail             |    92 |    62 ||   154
Armor: Scale mail        |    64 |    26 ||    90
Dodge: Dodged            |    33 |    22 ||    55
Block: Kite shield       |    55 |    41 ||    96
